 Dungeon Crawl Stone Soup version 0.23-a0-303-gfcac5dec12 (webtiles) character file.

2745 PikkenKukken the Chucker (level 9, -2/84 HPs)
             Began as a Troll Fighter on Oct 8, 2018.
             Was an Initiate of Elyvilon.
             Slain by a two-headed ogre
             ... wielding a +0 giant club
              (23 damage)
             ... on level 8 of the Dungeon.
             The game lasted 00:13:52 (6297 turns).

PikkenKukken the Chucker (Troll Fighter)            Turns: 6297, Time: 00:13:52

Health: -2/84      AC:  5    Str: 26    XL:     9   Next: 41%
Magic:  14/14      EV: 15    Int:  7    God:    Elyvilon [......]
Gold:   182        SH: 11    Dex: 14    Spells: 15/16 levels left

rFire    . . .     SeeInvis .     - Unarmed
rCold    . . .     Gourm    +   m - +1 shield
rNeg     . . .     Faith    .   a - +0 robe
rPois    .         Spirit   .   (helmet restricted)
rElec    .         Reflect  .   (no cloak)
rCorr    +         Harm     .   (gloves unavailable)
MR       .....                  (boots unavailable)
Stlth    ++........             (no amulet)
HPRegen  0.64/turn              w - ring of resist corrosion
MPRegen  0.14/turn              (no ring)

@: agile
A: large, unfitting armour, claws 3, fast metabolism 3, gourmand, regeneration
1, shaggy fur 1, tough skin 2
a: Renounce Religion


You were on level 8 of the Dungeon.
You worshipped Elyvilon.
Elyvilon was noncommittal.
You were very full.

You visited 2 branches of the dungeon, and saw 9 of its levels.

You collected 315 gold pieces.
You spent 133 gold pieces at shops.

Inventory:

Hand Weapons
 b - a +1 blowgun
Missiles
 h - 10 tomahawks (quivered)
 i - 27 poisoned needles
Armour
 a - a +0 robe (worn)
 m - a +1 shield (worn)
Jewellery
 w - a ring of resist corrosion (left claw)
Wands
 o - a wand of digging (12)
Scrolls
 e - 3 scrolls of remove curse
 j - 2 scrolls of magic mapping
 p - 2 scrolls of teleportation
 q - a scroll of enchant weapon
 s - a scroll of fog
 t - 5 scrolls of enchant armour
 v - a scroll of identify
Potions
 c - 2 potions of heal wounds {unknown}
 f - 2 potions of cancellation
 g - 2 potions of magic
 k - a potion of curing
 l - a potion of brilliance
 n - a potion of lignification
 r - a potion of mutation {unknown}
 u - a potion of agility
 x - a potion of resistance {unknown}
Comestibles
 d - 11 rations


   Skills:
 - Level 4.1 Fighting
 - Level 6.0 Throwing
 - Level 4.0 Dodging
 - Level 4.1 Shields
 + Level 4.9 Unarmed Combat
 - Level 4.0 Spellcasting
 + Level 1.3 Hexes
 + Level 1.2 Invocations


You had 15 spell levels left.
You knew the following spells:

 Your Spells              Type           Power        Failure   Level  Hunger
a - Confusing Touch       Hex            #.....       45%         1    ##.....

Your spell library contained the following spells:

 Spells                   Type           Power        Failure   Level  Hunger
 Animate Skeleton         Necr           N/A          65%         1    ##.....
 Apportation              Tloc           #.....       65%         1    ##.....
 Summon Small Mammal      Summ           #...         65%         1    ##.....


Dungeon Overview and Level Annotations

Branches:
Dungeon (8/15)             Temple (1/1) D:7
   Lair: D:8-11

Altars:
Ashenzari
Cheibriados
Dithmenos
Elyvilon
Fedhas
Gozag
Hepliaklqana
Kikubaaqudgha
Makhleb
Nemelex Xobeh
Okawaru
Qazlal
Ru
Sif Muna
Trog
Uskayaw
Vehumet
Wu Jian
Xom
Yredelemnul
Zin
The Shining One

Shops:
D:5 *?}*


Innate Abilities, Weirdness & Mutations

You are too large for most types of armour.
You have claws for hands.
Your metabolism is lightning-fast.
You like to eat raw meat.
Your natural rate of healing is unusually fast.
You are covered in fur. (AC +1)
You have very tough skin. (AC +2)


Message History

The shadow imp closely misses you. The two-headed ogre barely misses you.
The two-headed ogre completely misses you.
You barely miss the two-headed ogre.
The two-headed ogre is moderately wounded.
You block the shadow imp's attack. You block the two-headed ogre's attack.
The two-headed ogre misses you.
You claw the two-headed ogre!
The two-headed ogre is moderately wounded.
The shadow imp completely misses you.
You claw the two-headed ogre!
The two-headed ogre is severely wounded.
You block the shadow imp's attack.
The two-headed ogre hits you with a giant club.
The two-headed ogre hits you with a giant club!!
* * * LOW HITPOINT WARNING * * *
You barely miss the two-headed ogre.
The two-headed ogre is severely wounded.
The shadow imp closely misses you. The two-headed ogre misses you.
The two-headed ogre hits you with a giant club!!
You die...

.#######.......#
.........#######
.........# #..
.........# #.#
.........# #.#
.........# #.# #
....[....# #.#.#
.........#####.#.###+#
.........@5Z.....'..!.
######....O....#.###'
#...........#
#......^###?#
#.......# #.#
#.......# #.#
#........ ...
#.......# ...
#.......# ####


You could see a two-headed ogre, a shadow imp and a bullfrog zombie.

Vanquished Creatures
  A gargoyle (D:5)
  A hippogriff (D:7)
  Eustachio (D:4)
  A water moccasin (D:7)
  An orc warrior (D:6)
  An ice beast (D:7)
  A phantom (D:7)
  2 ogres
  2 centaurs
  A crocodile (D:7)
  A big kobold (D:7)
  A bullfrog (D:8)
  A scorpion (D:7)
  A howler monkey (D:4)
  A centaur zombie (D:5)
  4 crimson imps
  A bullfrog zombie (D:5)
  7 orc priests
  2 centaur skeletons
  3 hounds (D:7)
  2 bullfrog skeletons
  2 orc wizards
  2 iguanas (D:5)
  3 worker ants
  A hound zombie (D:6)
  A hound skeleton (D:4)
  A worker ant zombie (D:7)
  6 gnolls
  7 adders
  A shadow imp (D:5)
  3 oozes
  2 adder zombies
  5 worms
  2 dart slugs (D:1)
  5 leopard geckos
  29 orcs
  7 giant cockroaches
  9 hobgoblins
  7 jackals (D:1)
  16 kobolds
  2 quokkas
  2 ball pythons
  9 bats
  3 frilled lizards
  8 goblins
  A quokka skeleton (D:4)
  A quokka zombie (D:5)
  8 rats
179 creatures vanquished.

Vanquished Creatures (others)
  2 plants (D:7)
2 creatures vanquished.

Grand Total: 181 creatures vanquished

Notes
Turn   | Place    | Note
-------+----------+-------------------------------------------
     0 | D:1      | PikkenKukken the Troll Fighter began the quest for the Orb.
     0 | D:1      | Reached XP level 1. HP: 22/22 MP: 0/0
    86 | D:1      | Reached XP level 2. HP: 29/29 MP: 1/1
   332 | D:1      | Reached XP level 3. HP: 34/36 MP: 2/2
   743 | D:1      | Reached XP level 4. HP: 37/44 MP: 3/3
  1032 | D:2      | Found a basalt altar of Yredelemnul.
  1032 | D:2      | Found a shattered altar of Ashenzari.
  1032 | D:2      | Found an ornate altar of the Wu Jian Council.
  1259 | D:3      | Reached XP level 5. HP: 32/53 MP: 4/4
  1606 | D:3      | Found a sparkling altar of Nemelex Xobeh.
  1813 | D:3      | Reached XP level 6. HP: 57/61 MP: 5/5
  2254 | D:4      | Reached skill level 1 in Throwing
  2560 | D:4      | Found a sacrificial altar of Ru.
  2829 | D:4      | Reached skill level 2 in Throwing
  2829 | D:4      | Reached XP level 7. HP: 68/68 MP: 6/6
  2927 | D:4      | Noticed Eustachio
  2956 | D:4      | Killed Eustachio
  3247 | D:5      | Entered Level 5 of the Dungeon
  3247 | D:5      | Found Xubudech's General Store.
  3268 | D:5      | Bought a scroll of magic mapping for 49 gold pieces
  3276 | D:5      | Noticed a fire elemental
  3278 | D:5      | Found a stormy altar of Qazlal.
  3281 | D:5      | Noticed an air elemental
  3289 | D:5      | Noticed a water elemental
  3340 | D:5      | Found Mouzahov's Gadget Shoppe.
  3364 | D:5      | Found Zyadear's Magic Scroll Boutique.
  3395 | D:5      | Reached skill level 3 in Throwing
  3395 | D:5      | Reached skill level 1 in Spellcasting
  3453 | D:5      | Bought a scroll of identify for 28 gold pieces
  3453 | D:5      | Bought a scroll of identify for 28 gold pieces
  3453 | D:5      | Bought a scroll of identify for 28 gold pieces
  3462 | D:5      | Noticed a gargoyle
  3481 | D:5      | Killed a gargoyle
  3481 | D:5      | Reached skill level 4 in Throwing
  3481 | D:5      | Reached XP level 8. HP: 62/78 MP: 8/10
  3786 | D:5      | Found a bloodstained altar of Trog.
  3849 | D:5      | Found Hejavo's General Store.
  4049 | D:6      | Found a shadowy altar of Dithmenos.
  4617 | D:6      | Reached skill level 5 in Throwing
  4858 | D:6      | Found a hazy altar of Hepliaklqana.
  4926 | D:7      | Noticed a hippogriff
  4940 | D:7      | Killed a hippogriff
  5034 | D:7      | Reached XP level 9. HP: 80/84 MP: 13/13
  5037 | D:7      | Learned a level 1 spell: Confusing Touch
  5243 | D:7      | Reached skill level 6 in Throwing
  5379 | D:7      | Found a shimmering altar of Xom.
  5740 | D:7      | Found a staircase to the Ecumenical Temple.
  5757 | Temple   | Entered the Ecumenical Temple
  6045 | Temple   | Became a worshipper of Elyvilon the Healer
  6092 | D:7      | Reached skill level 1 in Hexes
  6212 | D:8      | Reached skill level 1 in Invocations
  6276 | D:8      | Noticed a two-headed ogre
  6297 | D:8      | Slain by a two-headed ogre

Vault maps used:
D:1:      sevenhm_arrival_forest_fort_small_4
D:2:      gammafunk_temple_overflow_forgotten
D:3:      nemelex_xobeh_ov_fountains_minmay, first_ration,
          kennysheep_generic_room_3
D:4:      old_standard_altar, uniq_eustachio
D:5:      nicolae_qazlal_style_of_elements, kennysheep_little_box,
          serial_undead, serial_undead_c, serial_undead_b, serial_undead_b,
          serial_undead_e, serial_shops, shop, nicolae_shop_window_shopping,
          nicolae_shop_trees, nicolae_shop_stone
D:6:      nicolae_overflow_hidden_temple, old_standard_altar
D:7:      kennysheep_mini, minmay_temple_entry_overgrown
D:8:      minmay_the_grid_plus
Temple:   minmay_temple_bridge_abc

Skill      XL: |  1  2  3  4  5  6  7  8  9 |
---------------+----------------------------+-----
Unarmed Combat | 3 4 |  4.9
Shields        | 3 4 |  4.1
Fighting       | 3 4 |  4.1
Dodging        | 3 4 |  4.0
Throwing       | 2 4 5 6 |  6.0
Spellcasting   | 2 3 4 |  4.0
Hexes          | 1 |  1.3
Invocations    | 1 |  1.2

Action                   |  1- 3 |  4- 6 |  7- 9 || total
-------------------------+-------+-------+-------++-------
Melee: Unarmed           |    74 |   232 |   271 ||   577
 Fire: Blowgun           |       |     7 |    31 ||    38
Throw: Tomahawk          |       |       |     2 ||     2
  Use: Scroll            |     2 |     5 |    10 ||    17
       Potion            |       |       |     2 ||     2
 Stab: Sleeping          |     1 |       |       ||     1
  Eat: Chunk             |    12 |    20 |    30 ||    62
Armor: Robe              |    28 |    57 |    38 ||   123
Dodge: Dodged            |    26 |    61 |    81 ||   168
Block: Shield            |    33 |   121 |   117 ||   271

Table legend:
 A = Non-vault XP
 B = Vault XP
 C = Vault XP percentage of total XP
 D = Non-vault monster count
 E = Vault monster count
 F = Vault count percentage of total count
                 A         B        C        D         E       F
            +---------+---------+-------+---------+---------+-------
      Total |    3615 |     307 |   7.8 |     171 |       8 |   4.5
            +---------+---------+-------+---------+---------+-------
        D:1 |     124 |       0 |   0.0 |      43 |       0 |   0.0
        D:2 |      58 |       0 |   0.0 |      20 |       0 |   0.0
        D:3 |     216 |       4 |   1.8 |      34 |       2 |   5.6
        D:4 |     465 |     202 |  30.3 |      22 |       1 |   4.3
        D:5 |     860 |      98 |  10.2 |      11 |       4 |  26.7
        D:6 |     405 |       0 |   0.0 |      19 |       0 |   0.0
        D:7 |    1265 |       0 |   0.0 |      20 |       0 |   0.0
        D:8 |     222 |       3 |   1.3 |       2 |       1 |  33.3
            +---------+---------+-------+---------+---------+-------
